 Dungeon Crawl Stone Soup version 0.14-a0-3278-gb24e923 (webtiles) character file.

75 4tharraofdagon the Firebug (level 3, -9/27 HPs)
             Began as a Demonspawn Fire Elementalist on Mar 13, 2014.
             Killed by divine providence
             ... invoked by an orc priest
              (17 damage)
             ... on Level 3 of the Dungeon.
             The game lasted 00:04:17 (720 turns).

4tharraofdagon the Firebug (DsFE)                    Turns: 720, Time: 00:04:17

HP  -9/27        AC  2     Str  5      XL: 3   Next: 17%
MP   0/6         EV 12     Int 22      God:
Gold 40          SH  0     Dex 13      Spells:  2 memorised,  2 levels left

rFire  . . .     SeeInvis .     (no weapon)
rCold  . . .     Clarity  .     a - +0 robe
rNeg   . . .     Conserve .     (no shield)
rPois  .         rCorr    .     (no helmet)
rElec  .         rRot     .     (no cloak)
SustAb . .       Spirit   .     (no gloves)
rMut   .         Warding  .     (no boots)
Saprov . . .     Stasis   .     (no amulet)
MR     .....                    (no ring)
                                i - cursed -3 ring of strength

@: brilliant, very slightly contaminated, hasted, very quick, not resistant to
hostile enchantments, fairly stealthy
A: demonic guardian 1, powered by death 1
a: no special abilities


You were on level 3 of the Dungeon.
You were not hungry.

You visited 1 branch of the dungeon, and saw 3 of its levels.

You collected 40 gold pieces.

Inventory:

Armour
 a - a +0 robe (worn)
Magical devices
 g - a wand of fireball (0)
Comestibles
 c - 2 bread rations
 j - a choko
Scrolls
 d - a scroll of identify {unknown}
 e - 3 scrolls of magic mapping {unknown}
 h - a scroll of recharging {unknown}
 m - a scroll of fear {unknown}
 n - a scroll of amnesia {unknown}
 o - a scroll of fog {unknown}
Jewellery
 i - a cursed -3 ring of strength (left hand)
Books
 b - a book of Flames

   Spells                             Type                      Level
   *Flame Tongue                      Conjuration/Fire             1
   Throw Flame                        Conjuration/Fire             2
   *Conjure Flame                     Conjuration/Fire             3
   Inner Flame                        Hexes/Fire                   3
   Sticky Flame                       Conjuration/Fire             4
   Fireball                           Conjuration/Fire             5


   Skills:
 * Level 2.0 Fighting
 - Level 1.7 Dodging
 - Level 1.7 Stealth
 + Level 2.2 Spellcasting
 + Level 1.3 Conjurations
 + Level 2.9 Fire Magic


You had 2 spell levels left.
You knew the following spells:

 Your Spells              Type           Power        Failure   Level  Hunger
a - Flame Tongue          Conj/Fire      ###..        1%          1    None
b - Conjure Flame         Conj/Fire      ###.....     2%          3    ###....


Dungeon Overview and Level Annotations

Branches:
Dungeon (3/15)

Altars:


Innate Abilities, Weirdness & Mutations

A weak demonic guardian rushes to your aid.
You can steal the life force of nearby defeated enemies.


Message History

Aiming: Flame Tongue
Press: ? - help, Shift-Dir - straight line, f/p - orc priest
Aim: an orc priest, wielding a war axe of venom and wearing a ring mail (moderately wounded)
The flame hits the orc priest.
The orc priest is moderately wounded.
Unknown command.
What do you say? t - Shout!
Orders for allies: a - Attack new target. p - Attack previous target. r - Retreat! s - Stop attacking. w - Wait here. f - Follow me.
Anything else - Stay silent.
Gang up on whom?
Press: ? - help, Dir - move target cursor, f/p - orc priest
Aim: an orc priest, wielding a war axe of venom and wearing a ring mail (moderately wounded) Attack!
The orc priest invokes the aid of Beogh against you.
Something smites you!
Ouch! That really hurt!
You die...

###.####.##.#.#.# #.#
#....# #.# #.####o.#.#
#.# #.........#.#.#
#...........#.#
#.####o#..###.# #.#
#.#..# #.# #.####.#..#
#.# #@#.##.#..# #.#
#######.#.##)#..###.#
........5o>.o........#
#####################


You could see an orc priest and a friendly quasit.

Vanquished Creatures
  A giant gecko (D:1)
  An orc (D:3)
  6 bats
  2 giant cockroaches (D:2)
  A goblin (D:1)
  6 hobgoblins
  A jackal (D:2)
  A giant newt (D:1)
  2 kobolds (D:2)
  6 rats (D:2)
27 creatures vanquished.

Vanquished Creatures (collateral kills)
  2 orcs (D:3)
2 creatures vanquished.

Vanquished Creatures (others)
  3 iron imps (D:3)
3 creatures vanquished.

Grand Total: 32 creatures vanquished

Notes
Turn   | Place    | Note
--------------------------------------------------------------
     0 | D:1      | 4tharraofdagon, the Demonspawn Fire Elementalist, began the quest for the Orb.
     0 | D:1      | Reached XP level 1. HP: 13/13 MP: 3/3
    86 | D:1      | Reached skill level 1 in Fighting
   159 | D:1      | Gained mutation: You can steal the life force of nearby defeated enemies. [demonic ancestry]
   159 | D:1      | Reached XP level 2. HP: 2/21 MP: 0/4
   606 | D:3      | Gained mutation: A weak demonic guardian rushes to your aid. [demonic ancestry]
   606 | D:3      | Reached XP level 3. HP: 27/27 MP: 4/6
   611 | D:3      | Learned a level 3 spell: Conjure Flame
   720 | D:3      | Killed from afar by an orc priest

Action                   || total
-------------------------++-------
Melee: Unarmed           ||    53
 Cast: Flame Tongue      ||    48
Evoke: Wand              ||     1
  Use: Potion            ||     3
